 Dungeon Crawl Stone Soup version 0.21-a0-258-g4c0eb85 (webtiles) character file.

561 tidbits the Fighter (level 7, 0/73 HPs)
             Began as a Purple Draconian Wanderer on Sept 6, 2017.
             Was an Initiate of Ru.
             Succumbed to an orc wizard's poison
             ... on level 4 of the Dungeon.
             The game lasted 00:10:04 (1179 turns).

tidbits the Fighter (Purple Draconian Wanderer)     Turns: 1179, Time: 00:10:05

Health: 0/73       AC:  6    Str: 14 (16) XL:     7   Next: 9%
Magic:  1/7        EV: 14    Int: 11 (14) God:    Ru [......]
Gold:   105        SH:  0    Dex:  6 (9)  Spells: 6/6 levels left

rFire    . . .     SeeInvis .   a - +2 hand axe
rCold    . . .     Gourm    .   (no shield)
rNeg     . . .     Faith    .   (armour unavailable)
rPois    .         Spirit   .   (helmet restricted)
rElec    .         Reflect  .   (no cloak)
rCorr    .         Harm     .   (no gloves)
MR       +....                  (no boots)
Stlth    +.........             (no amulet)
HPRegen  0.22/turn              (no ring)
MPRegen  0.10/turn              (no ring)

@: lethally poisoned (0 -> -4), short of breath, flying
A: breathe power, unfitting armour, cold-blooded, AC +6
a: Breathe Dispelling Energy, Renounce Religion


You were on level 4 of the Dungeon.
You worshipped Ru.
Ru was noncommittal.
You were not hungry.

You visited 1 branch of the dungeon, and saw 4 of its levels.

You collected 105 gold pieces.

Inventory:

Hand Weapons
 a - a +2 hand axe (weapon)
 b - a +0 shortbow
Missiles
 c - 80 arrows
 g - 61 bolts
Scrolls
 d - 4 scrolls of teleportation
 m - a scroll of remove curse
Potions
 e - a potion of brilliance
 h - a potion of magic
Comestibles
 f - a bread ration
 i - 3 royal jellies
 j - 10 chunks of flesh
 n - 2 meat rations


   Skills:
 + Level 10.7 Fighting
 - Level 5.0 Axes
 + Level 8.6 Dodging
 - Level 1.0 Stealth
   Level 1.1 Evocations


You had 6 spell levels left.
You didn't know any spells.

Dungeon Overview and Level Annotations

Branches:
Dungeon (4/15)
 Temple: D:4-7

Altars:
Ru


Innate Abilities, Weirdness & Mutations

You can breathe bolts of dispelling energy.
Your rich purple scales are hard. (AC +6)
You cannot fit into any form of body armour.
You are cold-blooded and may be slowed by cold attacks.


Message History

You learn Charms much quicker.
You learn Evocations quicker.
You can breathe bolts of dispelling energy.
You barely miss the adder. The adder barely misses you.
Press: ? - help, Shift-Dir - straight line, f - adder
Aim: an adder (severely wounded)
You breathe a bolt of dispelling energy.
The bolt of dispelling energy hits the adder.
You kill the adder!
You feel somewhat more hungry.
Things that are here:
a giant spiked club; an ogre corpse You butcher the ogre corpse.
j - 10 chunks of flesh (gained 6)
You see here a giant spiked club.
You see here an adder corpse.
c - 77 arrows (gained 1)
c - 78 arrows (gained 1)
c - 79 arrows (gained 1)
c - 80 arrows (gained 1)
k - a scroll labeled AGIFRE LIDD You open the door.
There is an open door here.
Okay, then.
You have got your breath back.
You open the door.
There is an open door here.
There is an open door here.
There is an open door here.
An orc and an orc wizard come into view.
The orc is wielding an antimagic trident.
The orc wizard is wielding a dagger of venom.
The orc shouts!
The orc wizard shouts!
The orc wizard gestures wildly while chanting.
The orc wizard seems to speed up.
An orc comes into view. It is wielding a club.
Press: ? - help, Shift-Dir - straight line, f - orc
Aim: an orc, wielding an antimagic trident and wearing a chain mail You breathe a bolt of dispelling energy.
The bolt of dispelling energy hits the orc wizard.
The orc wizard is heavily wounded.
The orc wizard's magical effects unravel!
The bolt of dispelling energy hits the orc.
The orc is heavily wounded.
You feel somewhat more hungry.
The orc wizard hits you with a dagger of venom.
* * * LOW HITPOINT WARNING * * *
You are poisoned.
Unknown command.
You barely miss the orc wizard.
The orc wizard is heavily wounded.
You feel sick. The orc wizard closely misses you.
The orc hits you from afar with an antimagic trident!
* * * LOW HITPOINT WARNING * * *
You feel your power leaking away.
You feel sick.
The orc wizard hits you with a dagger of venom.
* * * LOW HITPOINT WARNING * * *
You are more poisoned.
The orc closely misses you.
Unknown command.
You barely miss the orc.
The orc is heavily wounded.
You closely miss the orc wizard.
You feel sick.
The orc wizard miscasts a cantrip.
The orc hits you with an antimagic trident.
* * * LOW HITPOINT WARNING * * *
You feel your power leaking away.
You slash the orc wizard! You tail-slap the orc wizard.
You kill the orc wizard!
You hit the orc but do no damage.
You feel sick.
The orc hits you with an antimagic trident!
* * * LOW HITPOINT WARNING * * *
You feel your power leaking away.
Unknown command.
It was a potion of flight.
You feel very buoyant.
You fly up into the air.
* * * LOW HITPOINT WARNING * * *
You feel sick.
The orc hits you with an antimagic trident.
* * * LOW HITPOINT WARNING * * *
Okay, then.
Okay, then.
Wield which item (- for none, * to show all)? (? for menu, Esc to quit)
Okay, then.
As you read the scroll labeled YFEIQU OTTEDIS, it crumbles to dust.
You feel blessed for a moment.
It was a scroll of remove curse.
* * * LOW HITPOINT WARNING * * *
You feel sick. The orc hits you but does no damage.
As you read the scroll labeled AGIFRE LIDD, it crumbles to dust.
It is a scroll of amnesia.
You feel forgetful for a moment.
* * * LOW HITPOINT WARNING * * *
You feel sick.
Okay, then.
As you read the scroll labeled GAEFRI NIGY, it crumbles to dust.
You feel aware of your surroundings.
It was a scroll of magic mapping.
The orc misses you.
You hit the orc but do no damage.
The orc is moderately wounded.
You die...

#...#........#####...##...#
###'#........#..#.........#
#............'..#....##...#
#............#####...##...#
#............#..#######....
#....####....#..##...##....
#....'..#....#.†'....).....
#....#..'....'..#....#.....
#....#..#)@..#'###...##....
#########o...#..##...##....
*,,**,,#....'...'...'.....
*......'....#..#######....
*......#....#'##,,,,,#####
******......#.......,,,,,,,,,,,
*,,,,,.....,#........,,,,,,,,,,
*,,,,,.....,#........,,,,,,,>,,
*,,,,,.o..,,#........,,,,,,,,,,


You could see an orc.

Vanquished Creatures
  2 ogres (D:4)
  A scorpion (D:4)
  A hound (D:4)
  A centaur skeleton (D:4)
  An orc wizard (D:4)
  A jelly (D:4)
  3 adders
  2 worms
  A leopard gecko (D:2)
  6 bats
  2 giant cockroaches
  4 hobgoblins
  4 jackals
  2 kobolds
  A quokka (D:2)
  4 frilled lizards
  7 goblins
  3 rats
46 creatures vanquished.

Notes
Turn   | Place    | Note
-------+----------+-------------------------------------------
     0 | D:1      | tidbits the Draconian Wanderer began the quest for the Orb.
     0 | D:1      | tidbits set off with: a +2 hand axe, a +0 shortbow, 29 arrows, a scroll of teleportation, a bread ration
     0 | D:1      | Reached XP level 1. HP: 19/19 MP: 1/1
     2 | D:1      | Noticed a vine stalker
     2 | D:1      | Noticed a gargoyle
     4 | D:1      | Noticed an octopode
     4 | D:1      | Noticed a felid
     6 | D:1      | Noticed a tengu
     8 | D:1      | Noticed a human
     8 | D:1      | Noticed a ghoul
    10 | D:1      | Noticed a vampire
    12 | D:1      | Noticed an elf
    12 | D:1      | Noticed a naga
    14 | D:1      | Noticed a formicid
    14 | D:1      | Noticed a spriggan
    16 | D:1      | Noticed a dwarf
    18 | D:1      | Noticed a troll
    18 | D:1      | Noticed an ogre
    20 | D:1      | Noticed a demigod
    20 | D:1      | Noticed a halfling
    22 | D:1      | Noticed a demonspawn
    22 | D:1      | Noticed a merfolk
    24 | D:1      | Noticed a centaur
    24 | D:1      | Noticed a draconian
    26 | D:1      | Noticed a minotaur
   119 | D:2      | Reached skill level 1 in Dodging
   119 | D:2      | Reached XP level 2. HP: 3/26 MP: 2/2
   470 | D:3      | Reached skill level 4 in Fighting
   479 | D:2      | Reached XP level 3. HP: 20/33 MP: 3/3
   574 | D:3      | Found a sacrificial altar of Ru.
   581 | D:3      | Became a worshipper of Ru the Awakened
   584 | D:3      | Reached skill level 2 in Dodging
   821 | D:4      | Noticed a scorpion
   838 | D:4      | Killed a scorpion
   838 | D:4      | Reached XP level 4. HP: 29/41 MP: 4/4
   862 | D:4      | Reached skill level 5 in Fighting
   862 | D:4      | Reached XP level 5. HP: 22/48 MP: 5/5
   959 | D:4      | Reached skill level 3 in Dodging
   991 | D:4      | Noticed an ogre
   995 | D:4      | Reached skill level 10 in Fighting
   995 | D:4      | Reached skill level 8 in Dodging
   995 | D:4      | Reached XP level 6. HP: 44/67 MP: 6/6
  1119 | D:4      | Your scales start taking on a rich purple colour.
  1119 | D:4      | Reached XP level 7. HP: 22/73 MP: 7/7
  1174 | D:4      | HP: 5/73 [orc/antimagic trident (9)]
  1175 | D:4      | HP: 2/73 [orc/antimagic trident (2)]
  1179 | D:4      | Succumbed to an orc wizard's poison

Vault maps used:
D:1:      kb_arrival_jail, minivault_14
D:2:      cheibrodos_pilgrimage, kennysheep_slug_shrine
D:3:      lemuel_round_altar, kennysheep_generic_room_11

Skill      XL: |  1  2  3  4  5 |
---------------+----------------+-----
Dodging        | 1 2 8 |  8.6
Fighting       | 4 5 10 | 10.7
Axes           | |  5.0
Stealth        | |  1.0
Evocations     | |  1.1

Action                   |  1- 3 |  4- 6 |  7- 9 || total
-------------------------+-------+-------+-------++-------
Melee: Hand axe          |    77 |    53 |     4 ||   134
       Tailslap          |     9 |     9 |     1 ||    19
 Fire: Shortbow          |       |     5 |       ||     5
 Abil: Breathe Dispellin |       |       |     2 ||     2
  Use: Scroll            |       |     2 |     3 ||     5
       Potion            |       |     2 |     1 ||     3
  Eat: Chunk             |       |     1 |       ||     1
Armor: Skin              |    23 |    11 |     1 ||    35
Dodge: Dodged            |    58 |    40 |     4 ||   102

Table legend:
 A = Spawn XP
 B = Non-spawn XP
 C = Spawn XP percentage of total XP
 D = Spawn monster count
 E = Non-spawn monster count
 F = Spawn count percentage of total count
 G = Total turns spent on level
                    A         B        C        D         E        F      G
               +---------+---------+-------+---------+---------+-------+---------
         Total |       0 |     577 |   0.0 |       0 |      46 |   0.0 |  1179
               +---------+---------+-------+---------+---------+-------+---------
           D:1 |       0 |      22 |   0.0 |       0 |      13 |   0.0 |   365
           D:2 |       0 |      25 |   0.0 |       0 |      12 |   0.0 |   207
           D:3 |       0 |      32 |   0.0 |       0 |      10 |   0.0 |   154
           D:4 |       0 |     498 |   0.0 |       0 |      11 |   0.0 |   453
               +---------+---------+-------+---------+---------+-------+---------

Table legend:
 A = Turns spent in this place as a percentage of turns spent in the entire game.
 B = Non-inter-level travel turns spent in this place as a percentage of non-inter-level travel turns spent in the entire game.
 C = Inter-level travel turns spent in this place as a percentage of turns spent in this place.
 D = Turns resting spent in this place as a percentage of non-inter-level travel turns spent in this place.
 E = Turns spent auto-exploring this place as a percentage of non-inter-level travel turns spent in this place.
 F = Non-inter-level travel turns spent in this place divided by the number of levels of this place that you've seen.
                   A       B       C       D       E      F
               +-------+-------+-------+-------+-------+----------------------
         Total | 100.0 | 100.0 |   3.7 |   0.0 |   0.0 | 283.8
       Dungeon | 100.0 | 100.0 |   3.7 |   0.0 |   0.0 | 283.8
               +-------+-------+-------+-------+-------+----------------------

Table legend:
 A = Kills in this place as a percentage of kills in entire the game.
 B = Kills by you in this place as a percentage of kills by you in the entire game.
 C = Kills by friends in this place as a percentage of kills by friends in the entire game.
 D = Other kills in this place as a percentage of other kills in the entire game.
 E = Experience gained in this place as a percentage of experience gained in the entire game.
 F = Experience gained in this place divided by the number of levels of this place that you have seen.
                   A       B       C       D       E      F
               +-------+-------+-------+-------+-------+----------------------
         Total | 100.0 | 100.0 |   N/A |   N/A | 100.0 | 144.2
       Dungeon | 100.0 | 100.0 |   N/A |   N/A | 100.0 | 144.2
               +-------+-------+-------+-------+-------+----------------------

Vault maps used:
D:1:      kb_arrival_jail, minivault_14
D:2:      cheibrodos_pilgrimage, kennysheep_slug_shrine
D:3:      lemuel_round_altar, kennysheep_generic_room_11
